 Dungeon Sprint DCSS version 0.29.1-15-g9cfb28693d (webtiles) character file.

Game seed: 3699588953318885945

21063 Groucho the Eternal Night (level 12, 0/51 HPs)
             Began as a Spriggan Enchanter on Apr 6, 2023.
             Was the Champion of Dithmenos.
             Slain by an orc warlord
             ... wielding a +0 battleaxe
              (42 damage)
             ... in the Dungeon (Sprint VII: "The Pits").
             The game lasted 00:26:16 (7443 turns).

Groucho the Eternal Night (Spriggan Enchanter)      Turns: 7443, Time: 00:26:17

Health: 0/51       AC:  2    Str: 11    XL:     12   Next: 50%
Magic:  18/32      EV: 30    Int: 18    God:    Dithmenos [******]
Gold:   29         SH:  0    Dex: 15    Spells: 30/41 levels left

rFire   . . .      SeeInvis +   p - +2 dagger (elec)
rCold   . . .      Faith    .   (no shield)
rNeg    . . .      Spirit   .   b - +0 robe
rPois   .          Reflect  .   (helmet restricted)
rElec   .          Harm     .   (no cloak)
rCorr   .          Rampage  .   (gloves unavailable)
Will    ++...      NoTele   +   (boots unavailable)
Stlth   ++++++++++              (no amulet)
HPRegen 0.17/turn               m - +3 ring of evasion
MPRegen 0.23/turn               n - +3 ring of strength

@: wreathed by umbra, very quick
A: very small, no large weapons, unfitting armour, see invisible, speed 3
a: Renounce Religion, Shadow Step, Shadow Form


You were in the Dungeon.
You worshipped Dithmenos.
Dithmenos was exalted by your worship.
You visited 1 branch You collected 29 gold pieces.

Inventory:

Hand Weapons
 a - a +2 dagger
 o - a +2 rapier of venom
 p - a +2 dagger of electrocution (weapon)
Missiles
 l - 10 stones (quivered)
 q - a throwing net
 C - 6 boomerangs
Armour
 b - a +0 robe (worn)
Jewellery
 m - a +3 ring of evasion (left hand)
 n - a +3 ring of strength (right hand)
 y - a ring of willpower
 z - a ring of ice
 A - a ring of poison resistance
Scrolls
 i - 3 scrolls of blinking
 j - 5 scrolls of amnesia
 k - a scroll of summoning
 r - a scroll of butterflies
 s - 3 scrolls of fear
 t - 2 scrolls of enchant armour
 v - 2 scrolls of identify
 D - a scroll of torment
Potions
 c - 4 potions of invisibility
 d - 13 potions of curing
 e - 10 potions of heal wounds
 f - 4 potions of haste
 g - 3 potions of magic
 h - a potion of berserk rage
 u - a potion of brilliance
 w - 2 potions of might
 x - a potion of flight
 B - a potion of ambrosia
 E - 3 potions of lignification


   Skills:
 - Level 14.0 Short Blades
 + Level 16.3 Dodging
 - Level 14.0 Stealth
 + Level 15.1 Spellcasting
 + Level 8.9 Conjurations
 - Level 14.0 Hexes
 * Level 17.5 Invocations


You had 30 spell levels left.
You knew the following spells:

 Your Spells              Type           Power      Damage    Failure   Level
a - Ensorcelled Hibernat  Hex/Ice        76%        N/A       1%          2
b - Confusing Touch       Hex            59%        N/A       1%          3
c - Dazzling Flash        Conj/Hex       100%       N/A       1%          3
d - Tukima's Dance        Hex            59%        N/A       1%          3

Your spell library contained the following spells:

 Spells                   Type           Power      Damage    Failure   Level
 Malign Gateway           Summ/Tloc      6%         N/A       100%        7
 Summon Horrible Things   Summ           6%         N/A       100%        8


Dungeon Overview and Level Annotations

Branches:
Dungeon (1/1)

Altars:
Ashenzari
Cheibriados
Dithmenos
Elyvilon
Fedhas
Gozag
Hepliaklqana
Kikubaaqudgha
Makhleb
Nemelex Xobeh
Okawaru
Qazlal
Ru
Sif Muna
Trog
Uskayaw
Vehumet
Wu Jian
Xom
Yredelemnul
Zin
The Shining One
Jiyva
Lugonu


Innate Abilities, Weirdness & Mutations

You are very small and have problems with some larger weapons.
You are too small for most types of armour.
You have supernaturally acute eyesight. (SInv)
You cover ground extremely quickly. (Speed+++)


Message History

You hit the orc warlord but do no damage.
Your shadow hits the orc warlord but does no damage.
The orc warlord hits you with a +0 battleaxe!
You are too injured to fight recklessly!
You are too injured to fight recklessly!
Casting: Confusing Touch (safe; 1% risk of failure)
Confirm with . or Enter, or press ? or * to list all spells.
Casting: Dazzling Flash (safe; 1% risk of failure)
Press: ? - help, Dir - look around, f - activate Unknown command.
Unknown command.
Casting: Dazzling Flash (safe; 1% risk of failure)
Confirm with . or Enter, or press ? or * to list all spells.
Casting: Dazzling Flash (safe; 1% risk of failure)
Press: ? - help, Dir - look around, f - activate The orc warlord is dazzled.
Unknown command.
Unknown command.
Unknown command.
You see here a +0 giant spiked club.
You see here a +0 shortbow.
There is an open door here.
You feel much better.
Your hands stop glowing.
You hit the orc warlord but do no damage.
Your shadow hits the orc warlord but does no damage.
You hit the orc warlord but do no damage.
Lightning courses through the orc warlord!
The orc warlord is lightly wounded.
The orc warlord closely misses you.
You hit the orc warlord but do no damage.
Lightning courses through the orc warlord!
You punch the orc warlord.
The orc warlord is moderately wounded.
You closely miss the orc warlord.
The orc warlord is moderately wounded.
The orc warlord is no longer blind.
The orc warlord hits you with a +0 battleaxe!!!
Ouch! That really hurt!
You die...

#§#..#.)#..##.....
#§#..'..#))#####'#
#§#..####))##.....
#§#.)#..#))##.....
#.#..#..#[[##.....
#.##)#..#'###...<.
#)#........##.....
#o#........##.....
#@###########.....
#.......#..#######
#...#...#.########
#...#...#)#....#..
#.##.##.#'#....#..
#.).#...#.'....'..
#...#...#'#÷÷..#..
#.......).#....#..
##################


You could see an orc warlord.

Vanquished Creatures
  A nagaraja (D)
  A stone giant (D)
  An eidolon (D)
  Josephine (D)
  3 boulder beetles (D)
  Harold (D)
  A vampire mage (D)
  2 death yaks (D)
  Sonja (D)
  A swamp dragon (D)
  3 bog bodies (D)
  A deep elf zephyrmancer (D)
  4 orc knights (D)
  A cyclops (D)
  An elephant (D)
  A rust devil (D)
  An orange demon (D)
  A molten gargoyle (D)
  An unseen horror (D)
  A demonic crawler (D)
  A kobold demonologist (D)
  An ice devil (D)
  A guardian mummy (D)
  2 hellwings (D)
  3 red devils (D)
  A merfolk (D)
  2 tyrant leeches (D)
  A hornet (D)
  A tarantella (D)
  A flying skull (D)
  A spriggan (D)
  A shadow (D)
  7 wraiths (D)
  A water elemental (D)
  6 yaks (D)
  A redback (D)
  A basilisk (D)
  A chaos spawn (D)
  A swamp drake (D)
  A floating eye (D)
  An orc warrior (D)
  An ice beast (D)
  A sky beast (D)
  2 ogres (D)
  A centaur (D)
  2 phantoms (D)
  3 kobold brigands (D)
  A bullfrog (D)
  A gnoll sergeant (D)
  An earth elemental (D)
  An iguana (D)
  A mummy (D)
  4 gnolls (D)
  A river rat (D)
  A white imp (D)
  2 ufetubi (D)
  An adder zombie (D)
  4 orcs (D)
  A bat skeleton (D)
  A giant cockroach (D)
  A goblin (D)
  2 jackals (D)
  3 kobolds (D)
  A quokka (D)
  A ball python simulacrum (D)
  A giant cockroach zombie (D)
103 creatures vanquished.

Vanquished Creatures (others)
  2 dancing weapons (D)
2 creatures vanquished.

Grand Total: 105 creatures vanquished

Notes
Turn   | Place    | Note
-------+----------+-------------------------------------------
     0 | D        | Groucho the Spriggan Enchanter began the quest for the Orb.
     0 | D        | Reached XP level 1. HP: 9/9 MP: 5/5
    12 | D        | Reached skill level 5 in Stealth
    37 | D        | Found a bloodstained altar of Trog.
    37 | D        | Found a shimmering blue altar of Sif Muna.
    37 | D        | Found a viscous altar of Jiyva.
    37 | D        | Found a hazy altar of Hepliaklqana.
    37 | D        | Found an opulent altar of Gozag.
    38 | D        | Found a glowing golden altar of the Shining One.
    38 | D        | Found a glowing silver altar of Zin.
    38 | D        | Found a basalt altar of Yredelemnul.
    38 | D        | Found a shimmering altar of Xom.
    38 | D        | Found an ornate altar of the Wu Jian Council.
    38 | D        | Found a sacrificial altar of Ru.
    38 | D        | Found a stormy altar of Qazlal.
    38 | D        | Found an iron altar of Okawaru.
    38 | D        | Found a sparkling altar of Nemelex Xobeh.
    38 | D        | Found a burning altar of Makhleb.
    38 | D        | Found a blossoming altar of Fedhas.
    38 | D        | Found a white marble altar of Elyvilon.
    38 | D        | Found a shadowy altar of Dithmenos.
    38 | D        | Found a snail-covered altar of Cheibriados.
    40 | D        | Found a corrupted altar of Lugonu.
    40 | D        | Found a radiant altar of Vehumet.
    41 | D        | Found an ancient bone altar of Kikubaaqudgha.
    41 | D        | Found a hide-covered altar of Uskayaw.
    41 | D        | Found a broken altar of Ashenzari.
    46 | D        | Became a worshipper of Dithmenos the Shadowed
    64 | D        | Reached XP level 2. HP: 13/13 MP: 7/7
    68 | D        | Learned a level 2 spell: Ensorcelled Hibernation
    79 | D        | Reached * piety under Dithmenos
    80 | D        | Reached skill level 1 in Invocations
   390 | D        | Noticed a floating eye
   396 | D        | Reached ** piety under Dithmenos
   587 | D        | Killed a floating eye
   588 | D        | Reached skill level 3 in Invocations
   588 | D        | Reached XP level 3. HP: 16/16 MP: 3/10
   588 | D        | Reached XP level 4. HP: 21/21 MP: 3/11
   971 | D        | Noticed a flying skull
   972 | D        | Noticed an ogre
   972 | D        | Noticed a centaur
   988 | D        | Learned a level 3 spell: Confusing Touch
   992 | D        | Learned a level 3 spell: Dazzling Flash
   996 | D        | Learned a level 3 spell: Tukima's Dance
  1000 | D        | Killed a flying skull
  1000 | D        | Reached *** piety under Dithmenos
  1001 | D        | Reached skill level 5 in Spellcasting
  1001 | D        | Reached skill level 5 in Invocations
  1001 | D        | Reached XP level 5. HP: 19/24 MP: 9/14
  1001 | D        | Reached XP level 6. HP: 22/28 MP: 9/15
  1266 | D        | Reached skill level 10 in Stealth
  1343 | D        | Reached skill level 6 in Invocations
  1365 | D        | Reached **** piety under Dithmenos
  1601 | D        | Noticed an orc knight
  1616 | D        | Killed an orc knight
  1617 | D        | Reached skill level 7 in Invocations
  1617 | D        | Reached XP level 7. HP: 32/32 MP: 11/18
  1669 | D        | Reached skill level 10 in Hexes
  1672 | D        | Reached ***** piety under Dithmenos
  1673 | D        | Reached XP level 8. HP: 36/36 MP: 20/20
  1778 | D        | Noticed a death yak
  1792 | D        | Reached skill level 1 in Conjurations
  1799 | D        | Reached skill level 8 in Invocations
  2766 | D        | Reached skill level 9 in Invocations
  2766 | D        | Reached XP level 9. HP: 39/39 MP: 15/22
  2768 | D        | Killed a death yak
  3175 | D        | Noticed a red devil
  3177 | D        | Killed a red devil
  3178 | D        | Reached skill level 10 in Invocations
  3181 | D        | Reached skill level 10 in Short Blades
  3228 | D        | Noticed a bog body
  3230 | D        | Killed a bog body
  3231 | D        | Reached skill level 10 in Dodging
  3245 | D        | Noticed a red devil
  3251 | D        | Killed a red devil
  3251 | D        | Reached ****** piety under Dithmenos
  3253 | D        | Noticed a red devil
  3257 | D        | Reached XP level 10. HP: 43/44 MP: 22/24
  3259 | D        | Reached skill level 11 in Invocations
  3264 | D        | Reached skill level 10 in Spellcasting
  3264 | D        | Noticed an eidolon
  3264 | D        | Noticed an elephant
  3266 | D        | Noticed a molten gargoyle
  3403 | D        | Killed an elephant
  3516 | D        | Killed an eidolon
  3517 | D        | Reached skill level 5 in Conjurations
  3670 | D        | Reached skill level 12 in Invocations
  3719 | D        | Noticed Sonja
  3720 | D        | Noticed a stone giant
  3720 | D        | Noticed a boulder beetle
  3721 | D        | Killed Sonja
  3792 | D        | Killed a molten gargoyle
  3971 | D        | Noticed a vampire mage
  3990 | D        | Killed a vampire mage
  3991 | D        | Reached skill level 13 in Invocations
  4031 | D        | Killed a stone giant
  4032 | D        | Reached XP level 11. HP: 38/47 MP: 15/27
  4398 | D        | Killed a boulder beetle
  4469 | D        | Reached skill level 14 in Invocations
  4477 | D        | Noticed a bog body
  4494 | D        | Killed a bog body
  4586 | D        | Noticed Josephine
  4586 | D        | Noticed a boulder beetle
  4586 | D        | Noticed Harold
  4713 | D        | Killed Josephine
  4761 | D        | Killed a boulder beetle
  4816 | D        | Reached skill level 15 in Invocations
  4839 | D        | Killed Harold
  4863 | D        | Noticed a death yak
  5026 | D        | Killed a death yak
  5804 | D        | Noticed a bog body
  5806 | D        | Killed a bog body
  5807 | D        | Reached skill level 16 in Invocations
  5807 | D        | Reached XP level 12. HP: 43/51 MP: 25/30
  5856 | D        | Reached skill level 15 in Dodging
  6462 | D        | Noticed a boulder beetle
  6502 | D        | Killed a boulder beetle
  7001 | D        | Noticed a nagaraja
  7003 | D        | Killed a nagaraja
  7004 | D        | Reached skill level 17 in Invocations
  7004 | D        | Noticed an orc warlord
  7004 | D        | Noticed an orc warlord
  7022 | D        | Reached skill level 15 in Spellcasting
  7443 | D        | Slain by an orc warlord

Illustrated notes

Levels and vault maps discovered:
D:        pitsprint [storerooms_1, entrance_room_1, metal_vault_8, armoury_1,
          mini_pit_1, grid_room_1, main_hall_1, silver_pit, the_coven_1,
          the_vestibule_1, steel_vault_2, golden_pit, hallway_of_sentries,
          crystal_vault_2, iron_vault_1, final_vault]

Skill      XL: |  1  2  3  4  5  6  7  8  9 10 11 12 |
---------------+-------------------------------------+-----
Dodging        | 3 4 6 7 9 10 12 14 16 | 16.3
Stealth        | 5 8 9 12 14 | 14.0
Spellcasting   | 3 4 5 7 8 9 11 13 15 | 15.1
Hexes          | 4 6 7 9 10 11 13 14 | 14.0
Short Blades   | 2 4 6 8 9 10 12 13 14 | 14.0
Invocations    | 3 5 7 9 10 13 16 17 | 17.5
Conjurations   | 2 4 6 7 8 |  8.9

Action                   |  1- 3 |  4- 6 |  7- 9 | 10-12 || total
-------------------------+-------+-------+-------+-------++-------
Melee: Dagger            |    13 |    15 |    29 |   252 ||   309
       Punch             |       |       |       |     7 ||     7
Throw: Stone             |       |       |       |     5 ||     5
 Cast: Ensorcelled Hiber |     9 |    15 |    13 |    55 ||    92
       Confusing Touch   |       |     3 |     1 |    25 ||    29
       Dazzling Flash    |       |       |     1 |     9 ||    10
       Tukima's Dance    |       |       |       |     2 ||     2
Invok: Shadow Step       |       |       |     3 |    23 ||    26
       Shadow Form       |       |       |       |     1 ||     1
  Use: Potion            |       |     1 |     1 |     7 ||     9
 Stab: Sleeping          |     8 |     5 |    21 |    40 ||    74
       Confused          |       |     3 |       |    21 ||    24
       Invisible         |       |       |     2 |     5 ||     7
       Distracted        |       |       |       |     1 ||     1
Armor: Robe              |     1 |       |     1 |     4 ||     6
Dodge: Dodged            |    12 |    33 |     6 |   126 ||   177
